AoeStats
← Cinnamoroll

African Clearing

505596622Analyzed
4v4 RM · 23d ago on Sep 10, 2026· 22m 34s· 8 players
Game mode
Random Map
Map size
Large (8 player)
Population
200
Speed
Normal
Resources
Standard
Victory
Conquest
Starting age
Dark Age
Ending age
Imperial Age
RankedLock teamsTeams togetherTeam positionsShared explorationLock speedFull tech treeHidden civsTurbo modeCheats
Victory
Defeat
🇧🇷 Koreans · Brazil
1500
+13
🇨🇦 Spanish · Canada
1485
+14
🇨🇳 Vietnamese · China
1477
+14
🇨🇳 Khitans · China
1472
+14
🇦🇺 Celts · Australia
1450
-15
🇹🇷 Bulgarians · Türkiye
1428
-14
🇨🇳 Berbers · China
1427
-13
🇻🇳 Mongols · Vietnam
1424
-13
Cinnamoroll
9:12 Loom
11:54 Feudal Age
12:27 Double-Bit Axe
12:03 Man-at-Arms
13:47 Town Watch
18:12 Fletching
吮指原味鸡
8:56 Loom
14:00 Feudal Age
17:39 Castle Age
15:43 Double-Bit Axe
16:22 Horse Collar
17:17 Fletching
18:45 Bow Saw
麦辣鸡翅
12:03 Feudal Age
11:47 Loom
12:36 Double-Bit Axe
14:27 Forging
16:19 Scale Barding Armor
23:35 Castle Age
Gomes
3:11 Loom
13:43 Feudal Age
18:08 Castle Age
16:16 Double-Bit Axe
16:47 Horse Collar
17:55 Gold Mining
18:59 Bow Saw
20:40 Fletching
23:04 Bodkin Arrow
monster
4:05 Loom
14:03 Feudal Age
15:50 Scale Mail Armor
19:39 Castle Age
20:28 Forging
逸丶然
10:20 Loom
13:20 Feudal Age
15:55 Town Watch
18:48 Castle Age
18:22 Double-Bit Axe
19:45 Fletching
20:33 Bodkin Arrow
21:24 Bow Saw
21:35 Gold Mining
gil
9:43 Loom
12:33 Feudal Age
12:40 Man-at-Arms
14:18 Arson
17:56 Scale Mail Armor
No_hope
9:21 Loom
17:06 Feudal Age
18:24 Double-Bit Axe
22:38 Castle Age
21:24 Bloodlines
21:36 Gold Mining
Connection lost

Rejoining the realm…

Still unreachable

The connection could not be restored.

Session expired

The server has moved on; the page needs a fresh start.